Construct Section Command Post
Construct Platoon Command Post
6-pounder Anti-tank Gun Team
6-pounder Anti-tank Gun Team
Construct Company Command Post
Construct Field Infirmary
Unlock Towed 17-pounder Anti-tank Guns
17-pounder Anti-tank Gun Team
Selects Air and Sea Battlegroup
Selects Commando Section Paradrop
Selects Commando Support Section Paradrop
Selects Anti-tank Rocket Loiter
17-pounder Anti-tank Gun Team
Unlock M3 Grant Medium Tanks
17-pounder Anti-tank Gun Team
17-pounder Anti-tank Gun Team